General information
- name: BNet
- type: Ladder team game (AT/RT)
- host: Battle.net
- saver: zon_net_mobile
map: GoldRush
- players: 8
- length: 17:19
- speed: Fast
- version: 1.24 W3XP
- replay type: Public
» download(125 KB)
Players
team 1 (winner)

»
WuKong (
blue | 66 APM | 1137 actions | 17:19)
4 Archmage
2 Summon Water Elemental
2 Brilliance Aura
2 Mountain King
1 Storm Bolt
1 Bash
1 Paladin
1 Holy Light
» actions
| Assign group hotkey | 21 | |
| Basic commands | 105 | |
| Build / train | 56 | |
| Enter build submenu | 23 | |
| Enter hero's abilities submenu | 7 | |
| Right click | 384 | |
| Select / deselect | 208 | |
| Select group hotkey | 272 | |
| Use ability | 61 | |
1137 total
» units
| Peasant | 17 | |
| Rifleman | 7 | |
| Siege Engine | 6 | |
30 total
» upgrades
| Masonry | 1 | |
| Barrage | 1 | |
| Lumber Harvesting | 1 | |
3 total
» buildings
| Farm | 14 | |
| Altar of Kings | 1 | |
| Blacksmith | 1 | |
| Barracks | 1 | |
| Scout Tower | 5 | |
| Arcane Tower | 2 | |
| Lumber Mill | 1 | |
| Keep | 1 | |
| Arcane Vault | 1 | |
| Guard Tower | 3 | |
| Town Hall | 1 | |
| Workshop | 3 | |
| Castle | 1 | |
35 total
» build order
00:10 Farm
00:13 Altar of Kings
00:39 Blacksmith
00:51 Farm
01:37 Barracks
01:50 Scout Tower
02:04 Farm
02:17 Arcane Tower
03:12 Scout Tower
03:49 Arcane Tower
04:17 Farm
04:48 Lumber Mill
06:02 Keep
06:05 Scout Tower
06:06 Scout Tower
06:07 Scout Tower
06:29 Arcane Vault
06:45 Guard Tower
06:47 Guard Tower
07:02 Farm
07:20 Guard Tower
08:52 Town Hall
09:04 Farm
09:08 Farm
09:18 Farm
09:52 Workshop
09:53 Workshop
11:08 Workshop
11:44 Castle
11:46 Farm
11:48 Farm
11:49 Farm
14:06 Farm
14:48 Farm
17:17 Farm
» items
| Scroll of Regeneration | 2 | |
| Healing Salve | 1 | |
| Lesser Clarity Potion | 1 | |
| Scroll of Speed | 1 | |
| Potion of Healing | 1 | |
6 total
13oehse0nkelZ (
orange | 57 APM | 984 actions | 17:19)
4 Blademaster
2 Wind Walk
2 Critical Strike
3 Shadow Hunter
2 Hex
1 Healing Wave
» actions
| Assign group hotkey | 47 | |
| Build / train | 44 | |
| Enter build submenu | 15 | |
| Enter hero's abilities submenu | 7 | |
| Right click | 427 | |
| Select / deselect | 262 | |
| Select group hotkey | 103 | |
| Use ability | 79 | |
984 total
» units
| Peon | 7 | |
| Grunt | 7 | |
| Raider | 8 | |
| Demolisher | 4 | |
| Wind Rider | 1 | |
27 total
» upgrades
| Berserker Strength | 1 | |
| Ensnare | 1 | |
| Melee Weapons | 1 | |
3 total
» buildings
| Altar of Storms | 1 | |
| Orc Burrow | 8 | |
| Barracks | 1 | |
| Voodoo Lounge | 1 | |
| Stronghold | 1 | |
| War Mill | 1 | |
| Beastiary | 2 | |
| Watch Tower | 1 | |
16 total
» build order
00:04 Altar of Storms
00:06 Orc Burrow
00:34 Barracks
01:28 Orc Burrow
02:18 Voodoo Lounge
03:36 Orc Burrow
03:37 Stronghold
04:51 War Mill
05:24 Orc Burrow
06:11 Beastiary
06:28 Watch Tower
07:53 Beastiary
09:38 Orc Burrow
09:56 Orc Burrow
14:26 Orc Burrow
15:10 Orc Burrow
» items
| Healing Salve | 2 | |
| Lesser Clarity Potion | 2 | |
4 total

»
angry_PotM (
yellow | 62 APM | 1081 actions | 17:19)
4 Demon Hunter
2 Mana Burn
2 Evasion
3 Warden
2 Shadow Strike
1 Fan of Knives
» actions
| Assign group hotkey | 17 | |
| Basic commands | 74 | |
| Build / train | 57 | |
| ESC pressed | 4 | |
| Enter build submenu | 14 | |
| Enter hero's abilities submenu | 7 | |
| Right click | 316 | |
| Select / deselect | 212 | |
| Select group hotkey | 307 | |
| Use ability | 73 | |
1081 total
» units
| Wisp | 22 | |
| Dryad | 7 | |
| Mountain Giant | 2 | |
31 total
» upgrades
| Ultravision | 1 | |
| Abolish Magic | 1 | |
| Strength of the Wild | 2 | |
| Reinforced Hides | 2 | |
| Hardened Skin | 1 | |
| Resistant Skin | 1 | |
| Nature's Blessing | 1 | |
| Well Spring | 1 | |
10 total
» buildings
| Altar of Elders | 1 | |
| Moon Well | 6 | |
| Tree of Ages | 2 | |
| Hunter's Hall | 1 | |
| Ancient of Wonders | 1 | |
| Ancient of Lore | 2 | |
| Tree of Eternity | 1 | |
| Tree of Life | 2 | |
16 total
» build order
00:09 Altar of Elders
00:19 Moon Well
01:26 Moon Well
02:41 Tree of Ages
02:43 Hunter's Hall
04:21 Moon Well
04:23 Ancient of Wonders
05:11 Ancient of Lore
05:12 Ancient of Lore
05:17 Moon Well
08:58 Moon Well
09:00 Moon Well
09:15 Tree of Eternity
09:49 Tree of Life
16:46 Tree of Life
» items
| Healing Salve | 2 | |
| Lesser Clarity Potion | 1 | |
| Scroll of Speed | 1 | |
4 total

»
zon_net_mobile (
teal | 47 APM | 807 actions | 17:19)
3 Blademaster
2 Wind Walk
1 Critical Strike
2 Shadow Hunter
1 Healing Wave
1 Hex
» actions
| Basic commands | 35 | |
| Build / train | 49 | |
| ESC pressed | 1 | |
| Enter build submenu | 14 | |
| Enter hero's abilities submenu | 5 | |
| Right click | 264 | |
| Select / deselect | 385 | |
| Use ability | 54 | |
807 total
» units
| Peon | 12 | |
| Grunt | 6 | |
| Troll Headhunter/Berserker | 17 | |
35 total
» upgrades
| Pillage | 1 | |
| Ranged Weapons | 2 | |
| Troll Regeneration | 1 | |
4 total
» buildings
| Altar of Storms | 1 | |
| Orc Burrow | 9 | |
| Barracks | 2 | |
| War Mill | 1 | |
| Voodoo Lounge | 1 | |
| Stronghold | 1 | |
| Fortress | 1 | |
16 total
» build order
00:08 Altar of Storms
00:11 Orc Burrow
00:42 Orc Burrow
01:40 Barracks
02:06 War Mill
02:41 Orc Burrow
02:56 Orc Burrow
03:07 Orc Burrow
03:54 Voodoo Lounge
06:25 Orc Burrow
06:29 Orc Burrow
07:12 Stronghold
08:30 Orc Burrow
08:41 Barracks
15:02 Fortress
15:05 Orc Burrow
team 2 (loser)
westiger2 (
green | 51 APM | 736 actions | 14:25)
2 Blademaster
1 Wind Walk
1 Mirror Image
» actions
| Basic commands | 11 | |
| Build / train | 51 | |
| Enter build submenu | 18 | |
| Enter hero's abilities submenu | 2 | |
| Remove unit from queue | 1 | |
| Right click | 417 | |
| Select / deselect | 199 | |
| Use ability | 37 | |
736 total
» units
| Peon | 10 | |
| Grunt | 5 | |
| Wind Rider | 5 | |
| Raider | 7 | |
| Shaman | 1 | |
| Troll Witch Doctor | 1 | |
29 total
» upgrades
| Armor | 1 | |
| Melee Weapons | 1 | |
| Pillage | 1 | |
| Berserker Strength | 1 | |
| Ranged Weapons | 1 | |
| Ensnare | 1 | |
| Shaman Training | 2 | |
8 total
» buildings
| Altar of Storms | 1 | |
| Orc Burrow | 4 | |
| War Mill | 1 | |
| Voodoo Lounge | 1 | |
| Barracks | 1 | |
| Stronghold | 1 | |
| Watch Tower | 3 | |
| Beastiary | 2 | |
| Spirit Lodge | 2 | |
| Fortress | 1 | |
| Tauren Totem | 1 | |
18 total
» build order
00:11 Altar of Storms
00:15 Orc Burrow
00:35 War Mill
01:24 Voodoo Lounge
01:39 Orc Burrow
02:05 Barracks
03:11 Stronghold
03:15 Watch Tower
03:31 Watch Tower
04:11 Orc Burrow
05:02 Watch Tower
05:44 Beastiary
06:14 Beastiary
06:39 Orc Burrow
09:12 Spirit Lodge
10:58 Fortress
11:01 Spirit Lodge
13:23 Tauren Totem
» items
| Scroll of Speed | 4 | |
| Healing Salve | 1 | |
| Scroll of Town Portal | 1 | |
6 total

»
Bane-of-light (
pink | 39 APM | 634 actions | 16:17)
3 Blademaster
2 Wind Walk
1 Critical Strike
» actions
| Build / train | 32 | |
| Enter build submenu | 7 | |
| Enter hero's abilities submenu | 3 | |
| Remove unit from queue | 1 | |
| Right click | 345 | |
| Select / deselect | 210 | |
| Use ability | 36 | |
634 total
» units
» upgrades
» buildings
| Altar of Storms | 1 | |
| Orc Burrow | 4 | |
| Barracks | 1 | |
6 total
» build order
00:07 Altar of Storms
00:18 Orc Burrow
00:45 Barracks
01:24 Orc Burrow
06:44 Orc Burrow
07:12 Orc Burrow
» items
| Healing Salve | 2 | |
| Lesser Clarity Potion | 1 | |
| Scroll of Speed | 1 | |
4 total

»
zeroxh (
red | 107 APM | 1730 actions | 16:07)
3 Demon Hunter
2 Mana Burn
1 Evasion
2 Pandaren Brewmaster
1 Breath of Fire
1 Drunken Haze
» actions
| Assign group hotkey | 24 | |
| Basic commands | 41 | |
| Build / train | 40 | |
| Enter build submenu | 12 | |
| Enter hero's abilities submenu | 5 | |
| Remove unit from queue | 4 | |
| Right click | 799 | |
| Select / deselect | 432 | |
| Select group hotkey | 316 | |
| Use ability | 57 | |
1730 total
» units
| Wisp | 12 | |
| Archer | 1 | |
| Dryad | 4 | |
| Druid of the Claw | 4 | |
21 total
» upgrades
| Strength of the Wild | 1 | |
| Druid of the Claw Training | 2 | |
| Reinforced Hides | 1 | |
4 total
» buildings
| Altar of Elders | 1 | |
| Moon Well | 5 | |
| Ancient of War | 3 | |
| Tree of Ages | 1 | |
| Hunter's Hall | 1 | |
| Ancient of Lore | 2 | |
| Tree of Eternity | 1 | |
14 total
» build order
00:09 Altar of Elders
00:19 Moon Well
01:30 Ancient of War
01:43 Ancient of War
01:58 Ancient of War
02:21 Moon Well
03:47 Tree of Ages
04:08 Hunter's Hall
05:03 Moon Well
06:18 Ancient of Lore
06:21 Ancient of Lore
09:22 Moon Well
09:37 Tree of Eternity
15:06 Moon Well
» items
| Boots of Speed | 1 | |
| Staff of Teleportation | 1 | |
2 total
wowrehab (
purple | 38 APM | 662 actions | 17:18)
2 Tauren Chieftain
1 War Stomp
1 Endurance Aura
» actions
| Assign group hotkey | 7 | |
| Build / train | 47 | |
| Enter build submenu | 14 | |
| Enter hero's abilities submenu | 2 | |
| Remove unit from queue | 1 | |
| Right click | 310 | |
| Select / deselect | 215 | |
| Select group hotkey | 20 | |
| Use ability | 46 | |
662 total
» units
| Peon | 15 | |
| Grunt | 8 | |
| Troll Witch Doctor | 2 | |
| Shaman | 2 | |
| Tauren | 3 | |
30 total
» upgrades
| Berserker Strength | 1 | |
| Witch Doctor Training | 2 | |
| Shaman Training | 2 | |
| Reinforced Defenses | 1 | |
| Pulverize | 0 | |
6 total
» buildings
| Altar of Storms | 1 | |
| Orc Burrow | 5 | |
| Barracks | 1 | |
| Voodoo Lounge | 1 | |
| War Mill | 1 | |
| Stronghold | 1 | |
| Fortress | 1 | |
| Spirit Lodge | 2 | |
| Tauren Totem | 1 | |
| Great Hall | 1 | |
| Watch Tower | 3 | |
18 total
» build order
00:11 Altar of Storms
00:24 Orc Burrow
01:01 Barracks
01:40 Orc Burrow
01:52 Voodoo Lounge
02:54 War Mill
03:53 Stronghold
06:20 Fortress
06:24 Spirit Lodge
06:25 Spirit Lodge
08:26 Orc Burrow
08:29 Orc Burrow
08:30 Orc Burrow
08:48 Tauren Totem
09:21 Great Hall
09:48 Watch Tower
09:57 Watch Tower
10:04 Watch Tower
» items
| Lesser Clarity Potion | 3 | |
| Healing Salve | 2 | |
5 total
Chat log
(00:18 / Allies) 13oehse0nkelZ: hoi
(00:18 / Allies) 13oehse0nkelZ: ger
(00:21 / Allies) zon_net_mobile: hi i scout, por
(00:22 / Allies) 13oehse0nkelZ: tac?
(00:28 / Allies) WuKong: hi
(00:45 / Allies) zon_net_mobile: lol
(00:47 / Allies) 13oehse0nkelZ: bm 2?
(03:23 / Allies) 13oehse0nkelZ: bm+
(04:54 / Allies) zon_net_mobile: lol weirdest game i played
(05:16 / Allies) 13oehse0nkelZ: exe who?
(08:00 / Allies) 13oehse0nkelZ: ready?
(14:28 / All) wowrehab: loss cause noosb just tech :(
(14:40 / All) angry_PotM: I TECHED TOO!
(14:49 / All) zon_net_mobile: i was scouting!
(14:54 / All) wowrehab: well we teched more :P
(16:32 / All) wowrehab: kinda ironic
(16:38 / All) wowrehab: when DH comes out of altar
(16:48 / All) wowrehab: he goes 'at last we shall have revenge'
(16:54 / All) wowrehab: and tehn 2 secodns later hes dead again
(17:01 / All) angry_PotM: bad revenge
(17:04 / All) zon_net_mobile: :)
(17:15 / All) wowrehab: anyway
(17:18 / All) wowrehab: bai